3AAA
AUGUSTA TIMBER HAWKS @ PURE MICHIGAN GREAT LAKERS
07/28/2031
 
TOP OF THE 1ST
Augusta Timber Hawks batting - Pitching for Pure Michigan Great Lakers : RHP Doran Turchin
Pitching: RHP Doran Turchin
Batting: LHB José Pérez 0-0: Foul Ball, location: 2F
0-1: Called Strike
0-2: Ball
1-2: Ball
2-2: Reached on error, E1 (Groundball, P)
Batting: RHB Uchino Akahito 0-0: Called Strike
0-1: Ball
1-1: Foul Ball, location: 2F
1-2: Ball
2-2: Foul Ball, location: 2F
2-2: Ball
3-2: Fielders Choice at 2nd, 3-6 (Groundball, 34)
Batting: SHB Yun-qi Chien 0-0: Ball
1-0: Foul Ball, location: 2F
1-1: Swinging Strike
1-2: Strikes out swinging
Batting: RHB Komotay Koffie 0-0: Called Strike
0-1: SINGLE (Flyball, 7LS)
Uchino Akahito to second
Batting: LHB Fa-tang Wang 0-0: Called Strike
0-1: Ball
1-1: Ball
2-1: Swinging Strike
2-2: Ball
3-2: Ground out 1-3 (Groundball, 15S)
Top of the 1st over - 0 runs, 1 hit, 1 error, 2 left on base; Augusta 0 - Pure Michigan 0
BOTTOM OF THE 1ST
Pure Michigan Great Lakers batting - Pitching for Augusta Timber Hawks : RHP Gary Mason
Pitching: RHP Gary Mason
Batting: LHB Javier Reyes 0-0: Ball
1-0: Ball
2-0: Foul Ball, location: 2F
2-1: Foul Ball, location: 2F
2-2: SINGLE (Flyball, 9S)
Batting: LHB César Muńóz 0-0: Ball
1-0: Foul Ball, location: 2F
1-1: Ball
2-1: Ball
3-1: Base on Balls
Javier Reyes to second
Batting: LHB Gilberto Moreno 0-0: Ball
1-0: Foul Ball, location: 2F
1-1: 3-RUN HOME RUN (Flyball, 9LD), Distance : 363 ft
Batting: RHB Ramiro Gonzáles 0-0: SINGLE (Groundball, 56D)
Batting: SHB Tony Gutiérrez 0-0: Called Strike
0-1: Called Strike
0-2: Ball
1-2: Foul Ball, location: 2F
1-2: Strikes out swinging
Batting: RHB Lorenzo Ruíz 0-0: Swinging Strike
0-1: Ball
1-1: Ball
Wild Pitch!
Ramiro Gonzáles to second
2-1: Ball
3-1: Foul Ball, location: 2F
3-2: Base on Balls
Batting: LHB Yin-reng Hsueh 0-0: Ball
1-0: Swinging Strike
1-1: Ball
2-1: Foul Ball, location: 2F
2-2: Ball
3-2: Base on Balls
Ramiro Gonzáles to third
Lorenzo Ruíz to second
Batting: RHB Hamilton Swan 0-0: Ball
1-0: Called Strike
1-1: SINGLE (Line Drive, 9LS)
Ramiro Gonzáles scores
Lorenzo Ruíz to third
Yin-reng Hsueh to second
Batting: RHB Turner Buccigross 0-0: SINGLE (Groundball, 56D)
Lorenzo Ruíz scores
Yin-reng Hsueh to third
Hamilton Swan to second
Runner from 3rd tries for Home, SAFE, throw made at trailing runner, OUT at third!
Batting: LHB Javier Reyes 0-0: Ball
1-0: Foul Ball, location: 2F
1-1: Foul Ball, location: 2F
1-2: Ball
2-2: Strikes out swinging
Bottom of the 1st over - 6 runs, 5 hits, 0 errors, 1 left on base; Augusta 0 - Pure Michigan 6
TOP OF THE 2ND
Augusta Timber Hawks batting - Pitching for Pure Michigan Great Lakers : RHP Doran Turchin
Batting: RHB David Martínez 0-0: Ball
1-0: Foul Ball, location: 2F
1-1: Foul Ball, location: 2F
1-2: Strikes out swinging
Batting: RHB Jesús Recesvinto 0-0: SINGLE (Groundball, 4MD)
Batting: LHB Seung-soo Ch'ae 0-0: Ball
1-0: SINGLE (Groundball, 6MD)
Jesús Recesvinto to second
Batting: RHB Bogumil Tiwontschik 0-0: Swinging Strike
0-1: Called Strike
0-2: Foul Ball, location: 2F
0-2: Ball
1-2: DOUBLE (Line Drive, 78M)
Jesús Recesvinto scores
Seung-soo Ch'ae to third
Runner from 3rd tries for Home, SAFE, no throw
Batting: LHB José Pérez 0-0: Ground out 5-3 (Groundball, 56S)
Bogumil Tiwontschik to third
Batting: RHB Uchino Akahito 0-0: Ball
1-0: Ball
2-0: Foul Ball, location: 2F
2-1: Ball
3-1: Called Strike
3-2: DOUBLE (Flyball, 89D)
Bogumil Tiwontschik scores
Batting: SHB Yun-qi Chien 0-0: Ball
1-0: Ball
2-0: Foul Ball, location: 2F
2-1: Swinging Strike
2-2: Ball
3-2: Foul Ball, location: 2F
3-2: Strikes out swinging
Top of the 2nd over - 3 runs, 4 hits, 0 errors, 1 left on base; Augusta 3 - Pure Michigan 6
BOTTOM OF THE 2ND
Pure Michigan Great Lakers batting - Pitching for Augusta Timber Hawks : RHP Gary Mason
Batting: LHB César Muńóz 0-0: Swinging Strike
0-1: Ball
1-1: Ball
2-1: Ground out 3-1 (Groundball, 34)
Batting: LHB Gilberto Moreno 0-0: Called Strike
0-1: Ball
1-1: Ball
2-1: Ground out 3-1 (Groundball, 34)
Batting: RHB Ramiro Gonzáles 0-0: Ball
1-0: Fly out, F8 (Flyball, 8LD)
Bottom of the 2nd over - 0 runs, 0 hits, 0 errors, 0 left on base; Augusta 3 - Pure Michigan 6
TOP OF THE 3RD
Augusta Timber Hawks batting - Pitching for Pure Michigan Great Lakers : RHP Doran Turchin
Batting: RHB Komotay Koffie 0-0: Ball
1-0: Fly out, F7 (Flyball, 78S)
Batting: LHB Fa-tang Wang 0-0: Ball
1-0: Ball
2-0: Foul Ball, location: 2F
2-1: SINGLE (Groundball, 5D)
Batting: RHB David Martínez 0-0: Called Strike
Fa-tang Wang steals 2nd base
0-1: Swinging Strike
0-2: Strikes out swinging
Batting: RHB Jesús Recesvinto 0-0: Ball
1-0: Ball
2-0: Ball
3-0: Base on Balls
Batting: LHB Seung-soo Ch'ae 0-0: Ball
1-0: Swinging Strike
1-1: Ball
2-1: Swinging Strike
2-2: Strikes out swinging
Top of the 3rd over - 0 runs, 1 hit, 0 errors, 2 left on base; Augusta 3 - Pure Michigan 6
BOTTOM OF THE 3RD
Pure Michigan Great Lakers batting - Pitching for Augusta Timber Hawks : RHP Gary Mason
Batting: SHB Tony Gutiérrez 0-0: Called Strike
0-1: Ball
1-1: SINGLE (Flyball, 89S)
Batting: RHB Lorenzo Ruíz 0-0: Ball
1-0: Fly out, F2 (Popup, 23F)
Batting: LHB Yin-reng Hsueh 0-0: Called Strike
0-1: Foul Ball, location: 2F
0-2: Grounds into double play, 4-6-3 (Groundball, 4)
Bottom of the 3rd over - 0 runs, 1 hit, 0 errors, 0 left on base; Augusta 3 - Pure Michigan 6
TOP OF THE 4TH
Augusta Timber Hawks batting - Pitching for Pure Michigan Great Lakers : RHP Doran Turchin
Batting: RHB Bogumil Tiwontschik 0-0: Fly out, F7 (Line Drive, 7LD)
Now in LF: Jen-djieh Cheung
Batting: LHB José Pérez 0-0: Foul Ball, location: 2F
0-1: Ball
1-1: Ball
2-1: Ball
3-1: Called Strike
3-2: Foul Ball, location: 2F
3-2: Foul Ball, location: 2F
3-2: Strikes out swinging
Batting: RHB Uchino Akahito 0-0: Ground out 6-3 (Groundball, 6)
Top of the 4th over - 0 runs, 0 hits, 0 errors, 0 left on base; Augusta 3 - Pure Michigan 6
BOTTOM OF THE 4TH
Pure Michigan Great Lakers batting - Pitching for Augusta Timber Hawks : RHP Gary Mason
Batting: RHB Hamilton Swan 0-0: Fly out, F8 (Flyball, 8RM)
Batting: RHB Turner Buccigross 0-0: Ball
1-0: Ball
2-0: Called Strike
2-1: Called Strike
2-2: Strikes out swinging
Batting: RHB Jen-djieh Cheung 0-0: Ball
1-0: Swinging Strike
1-1: Ground out 4-3 (Groundball, 4S)
Bottom of the 4th over - 0 runs, 0 hits, 0 errors, 0 left on base; Augusta 3 - Pure Michigan 6
TOP OF THE 5TH
Augusta Timber Hawks batting - Pitching for Pure Michigan Great Lakers : RHP Doran Turchin
Batting: SHB Yun-qi Chien 0-0: Called Strike
0-1: Ball
1-1: Fly out, F6 (Line Drive, 6)
Batting: RHB Komotay Koffie 0-0: Ball
1-0: Ball
2-0: Called Strike
2-1: Foul Ball, location: 2F
2-2: DOUBLE (Line Drive, 78M)
Batting: LHB Fa-tang Wang 0-0: Ball
1-0: Called Strike
1-1: Swinging Strike
1-2: Ball
2-2: Strikes out looking
Batting: RHB David Martínez 0-0: Swinging Strike
0-1: Swinging Strike
0-2: Foul Ball, location: 2F
0-2: Strikes out swinging
Top of the 5th over - 0 runs, 1 hit, 0 errors, 1 left on base; Augusta 3 - Pure Michigan 6
BOTTOM OF THE 5TH
Pure Michigan Great Lakers batting - Pitching for Augusta Timber Hawks : RHP Gary Mason
Batting: LHB César Muńóz 0-0: Ball
1-0: Ball
2-0: Called Strike
2-1: Swinging Strike
2-2: DOUBLE (Line Drive, 9LM)
Batting: LHB Gilberto Moreno 0-0: Ground out 5-3 (Groundball, 56)
Batting: RHB Ramiro Gonzáles 0-0: Called Strike
0-1: Foul Ball, location: 2F
0-2: DOUBLE (Flyball, 78XD)
César Muńóz scores
Batting: SHB Tony Gutiérrez 0-0: Called Strike
0-1: Called Strike
0-2: Strikes out swinging
Batting: RHB Lorenzo Ruíz 0-0: Called Strike
0-1: Ball
1-1: Ground out 6-3 (Groundball, 6D)
Bottom of the 5th over - 1 run, 2 hits, 0 errors, 1 left on base; Augusta 3 - Pure Michigan 7
TOP OF THE 6TH
Augusta Timber Hawks batting - Pitching for Pure Michigan Great Lakers : RHP Doran Turchin
Batting: RHB Jesús Recesvinto 0-0: Ball
1-0: Called Strike
1-1: Fly out, F8 (Flyball, 89M)
Batting: LHB Seung-soo Ch'ae 0-0: Ball
1-0: Ground out 5-3 (Groundball, 56)
Batting: RHB Bogumil Tiwontschik 0-0: Ground out 5-3 (Groundball, 56)
Top of the 6th over - 0 runs, 0 hits, 0 errors, 0 left on base; Augusta 3 - Pure Michigan 7
BOTTOM OF THE 6TH
Pure Michigan Great Lakers batting - Pitching for Augusta Timber Hawks : RHP Gary Mason
Pitching: RHP Preston Vick
Batting: LHB Yin-reng Hsueh 0-0: Called Strike
0-1: Ball
1-1: Called Strike
1-2: Ball
2-2: Ball
3-2: Base on Balls
Batting: RHB Hamilton Swan 0-0: Bunted foul
0-1: Ball
1-1: Ball
2-1: Bunt missed!
2-2: Ball
3-2: Ground out 4-3 (Groundball, 4)
Yin-reng Hsueh to second
Batting: RHB Turner Buccigross 0-0: Intentional Walk
Batting: RHB Jen-djieh Cheung 0-0: Hit by Pitch
Yin-reng Hsueh to third
Turner Buccigross to second
Batting: LHB César Muńóz 0-0: Ball
1-0: Ball
2-0: SINGLE (Groundball, 34D)
Yin-reng Hsueh scores
Turner Buccigross to third
Jen-djieh Cheung to second
Runner from 3rd tries for Home, SAFE, no throw
Batting: LHB Gilberto Moreno 0-0: Ball
1-0: Ball
2-0: Swinging Strike
2-1: Foul Ball, location: 2F
2-2: Ground out 3-1 (Groundball, 34S)
Jen-djieh Cheung to third
César Muńóz to second
Batting: RHB Ramiro Gonzáles 0-0: Swinging Strike
0-1: Foul Ball, location: 2F
0-2: Foul Ball, location: 2F
0-2: Ball
1-2: Foul Ball, location: 2F
1-2: Foul Ball, location: 2F
1-2: Strikes out swinging
Bottom of the 6th over - 2 runs, 1 hit, 0 errors, 2 left on base; Augusta 3 - Pure Michigan 9
TOP OF THE 7TH
Augusta Timber Hawks batting - Pitching for Pure Michigan Great Lakers : RHP Doran Turchin
Now at 2B: Júlio Morín
Batting: LHB José Pérez 0-0: Ball
1-0: Ball
2-0: Ball
3-0: Base on Balls
Batting: RHB Uchino Akahito 0-0: Ball
1-0: Foul Ball, location: 2F
1-1: Foul Ball, location: 2F
1-2: SINGLE (Groundball, 56D)
José Pérez to second
Pitching: RHP Mike Lawrence
Batting: SHB Yun-qi Chien 0-0: Ball
1-0: Ball
2-0: Ball
3-0: Called Strike
3-1: Called Strike
3-2: Foul Ball, location: 2F
3-2: Base on Balls
José Pérez to third
Uchino Akahito to second
Batting: RHB Komotay Koffie 0-0: SINGLE (Line Drive, 9S)
José Pérez scores
Uchino Akahito to third
Yun-qi Chien to second
Batting: LHB Fa-tang Wang 0-0: Ball
1-0: Ball
2-0: Called Strike
2-1: Ball
3-1: Base on Balls
Uchino Akahito scores
Yun-qi Chien to third
Komotay Koffie to second
Batting: RHB David Martínez 0-0: Called Strike
0-1: Called Strike
0-2: Grounds into fielders choice 2-2 (Groundball, 15S)
Komotay Koffie to third
Fa-tang Wang to second
Batting: RHB Jesús Recesvinto 0-0: Called Strike
0-1: SINGLE (Groundball, 56S) (infield hit)
Komotay Koffie scores
Fa-tang Wang to third
David Martínez to second
Batting: LHB Seung-soo Ch'ae 0-0: Called Strike
0-1: Grounds into fielders choice 6-2 (Groundball, 6)
David Martínez to third
Jesús Recesvinto to second
Batting: RHB Bogumil Tiwontschik 0-0: Called Strike
0-1: Called Strike
0-2: Ball
1-2: Ball
2-2: Strikes out swinging
Top of the 7th over - 3 runs, 3 hits, 0 errors, 3 left on base; Augusta 6 - Pure Michigan 9
BOTTOM OF THE 7TH
Pure Michigan Great Lakers batting - Pitching for Augusta Timber Hawks : RHP Preston Vick
Pitching: LHP Bettino Banditelli
Batting: SHB Tony Gutiérrez 0-0: Ball
1-0: Foul Ball, location: 2F
1-1: Foul Ball, location: 2F
1-2: Ball
2-2: Foul Ball, location: 2F
2-2: Ball
3-2: Base on Balls
Batting: RHB Lorenzo Ruíz 0-0: Called Strike
0-1: Swinging Strike
0-2: Ball
1-2: Foul Ball, location: 2F
1-2: 2-RUN HOME RUN (Line Drive, 78XD), Distance : 435 ft
Batting: LHB Yin-reng Hsueh 0-0: Ball
1-0: Ball
2-0: Called Strike
2-1: Ball
3-1: Foul Ball, location: 2F
3-2: Fly out, F2 (Popup, 23F)
Batting: RHB Hamilton Swan 0-0: Called Strike
0-1: SINGLE (Line Drive, 4MD)
Batting: RHB Turner Buccigross 0-0: Ball
1-0: SINGLE (Line Drive, 78S)
Hamilton Swan to second
Batting: RHB Jen-djieh Cheung 0-0: Ball
1-0: Swinging Strike
Passed Ball!
Hamilton Swan to third
Turner Buccigross to second
1-1: Ball
2-1: Ball
3-1: Swinging Strike
3-2: Fly out, F8 (Flyball, 8RD)
Runner from 3rd tags up, SCORES, throw made
Batting: RHB Júlio Morín 0-0: Ball
1-0: Foul Ball, location: 2F
1-1: Ball
2-1: Ball
3-1: SINGLE (Groundball, 34D)
Turner Buccigross to third
Runner from 3rd tries for Home, SAFE, no throw
Batting: LHB Gilberto Moreno 0-0: Called Strike
0-1: Ball
1-1: Ball
Wild Pitch!
Júlio Morín to second
2-1: Ball
3-1: Base on Balls
Batting: RHB Ramiro Gonzáles 0-0: Ball
1-0: Foul Ball, location: 2F
1-1: Ball
2-1: Ball
3-1: Ground out 1-3 (Groundball, P)
Bottom of the 7th over - 4 runs, 4 hits, 0 errors, 2 left on base; Augusta 6 - Pure Michigan 13
TOP OF THE 8TH
Augusta Timber Hawks batting - Pitching for Pure Michigan Great Lakers : RHP Mike Lawrence
Batting: LHB José Pérez 0-0: Ball
1-0: Ground out 3-1 (Groundball, 34S)
Batting: RHB Uchino Akahito 0-0: Ball
1-0: Ball
2-0: Ball
3-0: Swinging Strike
3-1: Foul Ball, location: 2F
3-2: Strikes out swinging
Pinch Hitting: RHB Emmanuele Lucchetti 0-0: Ball
1-0: Called Strike
1-1: Ball
2-1: Ball
3-1: SINGLE (Groundball, 15) (infield hit)
Batting: RHB Komotay Koffie 0-0: Called Strike
0-1: Fly out, F7 (Flyball, 78D)
Top of the 8th over - 0 runs, 1 hit, 0 errors, 1 left on base; Augusta 6 - Pure Michigan 13
BOTTOM OF THE 8TH
Pure Michigan Great Lakers batting - Pitching for Augusta Timber Hawks : LHP Bettino Banditelli
Now at 2B: Emmanuele Lucchetti
Batting: SHB Tony Gutiérrez 0-0: Ball
1-0: Ball
2-0: Ball
3-0: Called Strike
3-1: Ground out 5-3 (Groundball, 5L)
Batting: RHB Lorenzo Ruíz 0-0: Called Strike
0-1: Foul Ball, location: 2F
0-2: Foul Ball, location: 2F
0-2: Foul Ball, location: 2F
0-2: Ball
1-2: Fly out, F9 (Flyball, 89M)
Batting: LHB Yin-reng Hsueh 0-0: Ball
1-0: Called Strike
1-1: Fly out, F7 (Flyball, 78M)
Bottom of the 8th over - 0 runs, 0 hits, 0 errors, 0 left on base; Augusta 6 - Pure Michigan 13
TOP OF THE 9TH
Augusta Timber Hawks batting - Pitching for Pure Michigan Great Lakers : RHP Mike Lawrence
Batting: LHB Fa-tang Wang 0-0: Fly out, F7 (Flyball, 78D)
Batting: RHB David Martínez 0-0: Ball
1-0: SINGLE (Flyball, 7S)
Batting: RHB Jesús Recesvinto 0-0: Ball
1-0: Ball
2-0: Called Strike
2-1: Fly out, F7 (Flyball, 7S)
Batting: LHB Seung-soo Ch'ae 0-0: Ball
1-0: Called Strike
1-1: Fly out, F5 (Line Drive, 5)
Top of the 9th over - 0 runs, 1 hit, 0 errors, 1 left on base; Augusta 6 - Pure Michigan 13
Tuesday, June 12th, 2018 - OOTP Baseball 18.8 Build 76